 Dungeon Crawl Stone Soup version 0.31-a0-355-g57cb03d3e8 (webtiles) character file.

Game seed: 2298990981209693235

885 hashsling the Poker (level 8, -4/60 HPs)
             Began as a Merfolk Ice Elementalist on July 24, 2023.
             Was a Priest of Vehumet.
             Slain by an ice beast (13 damage)
             ... on level 5 of the Dungeon.
             The game lasted 00:49:45 (5257 turns).

hashsling the Poker (Merfolk Ice Elementalist)      Turns: 5257, Time: 00:49:45

Health: -4/60      AC:  9    Str:  8    XL:     8   Next: 5%
Magic:  13/21      EV: 14    Int: 17    God:    Vehumet [***...]
Gold:   19         SH:  0    Dex: 14    Spells: 1/13 levels left

rFire   . . .        o - +0 spear
rCold   . . .        (no shield)
rNeg    . . .        h - +0 robe
rPois   .            (no helmet)
rElec   .            r - +0 cloak
rCorr   .            (no gloves)
SInv    .            (no boots)
Will    .....        t - amulet of the acrobat
Stlth   +            e - ring of magical power
HPRegen 0.30/turn    n - ring of wizardry
MPRegen 0.17/turn

%: acrobat, wizardry (x1)
@: confused, ice-armoured, ambrosia-drunk
A: (nimble swimmer 2), mertail
a: Renounce Religion


You were on level 5 of the Dungeon.
You worshipped Vehumet.
Vehumet was most pleased with you.
You visited 1 branch of the dungeon, and saw 6 of its levels.
You also visited: Sewer.

You collected 211 gold pieces.
You spent 192 gold pieces at shops.

Inventory:

Hand Weapons
 o - a +0 spear (weapon)
 v - a +0 halberd
Armour
 h - a +0 robe (worn)
 r - a +0 cloak (worn)
Jewellery
 a - the ring of Accord {AC+4 Dex+6}
   (You found it on level 2 of the Dungeon)

   [ring of protection]

   AC:        It affects your AC (+4).
   Dex:       It affects your dexterity (+6).
 e - a ring of magical power (left hand)
 f - an amulet of guardian spirit
 n - a ring of wizardry (right hand)
 t - an amulet of the acrobat (around neck)
Scrolls
 d - a scroll of fear
 j - 2 scrolls of teleportation
 k - a scroll of immolation
 l - a scroll of torment {unknown}
 q - a scroll of enchant armour {unknown}
 w - a scroll of silence {unknown}
 y - a scroll of fog {unknown}
 A - a scroll of enchant weapon {unknown}
Potions
 b - 2 potions of magic
 c - 2 potions of degeneration {unknown}
 g - a potion of enlightenment {unknown}
 p - a potion of brilliance {unknown}
 s - a potion of cancellation {unknown}
 x - a potion of haste {unknown}
 z - a potion of might {unknown}
 B - a potion of invisibility {unknown}
 C - a potion of heal wounds {unknown}


   Skills:
 + Level 4.0 Fighting
 * Level 6.4 Polearms
 + Level 5.6 Dodging
 - Level 3.0 Stealth
 - Level 3.0 Spellcasting
 + Level 0.0 Transmutations
 - Level 6.0 Ice Magic
 + Level 0.0 Poison Magic


You had one spell level left.
You knew the following spells:

 Your Spells              Type           Power      Damage    Failure   Level
a - Freeze                Ice            88%        1d9       1%          1
b - Ozocubu's Armour      Ice            22%        N/A       1%          3
c - Frozen Ramparts       Ice            44%        1d7       1%          3
d - Olgreb's Toxic Radia  Pois           2%         N/A       17%         4
e - Sting                 Tmut/Pois      8%         1d3       7%          1

Your spell library contained the following spells:

 Spells                   Type           Power      Damage    Failure   Level
 Magic Dart               Conj           8%         1d3       2%          1
 Dazzling Flash           Conj/Hex       4%         N/A       6%          3
 Mephitic Cloud           Conj/Pois/Air  2%         N/A       6%          3
 Volatile Blastmotes      Fire/Tloc      4%         2d10      6%          3
 Call Imp                 Summ           4%         N/A       11%         2
 Fulminant Prism          Conj/Hex       1%         3d5       17%         4
 Iskenderun's Mystic Bla  Conj/Tloc      2%         2d3       17%         4
 Summon Ice Beast         Ice/Summ       12%        N/A       21%         4
 Metabolic Englaciation   Hex/Ice        6%         N/A       45%         5
 Starburst                Conj/Fire      1%         6d3       88%         6
 Maxwell's Capacitive Co  Air            1%         ∞         100%        8


Dungeon Overview and Level Annotations

Branches:
Dungeon (6/15)             Temple (0/1) D:5           Sewer (visited)

Altars:
Gozag
Hepliaklqana
Kikubaaqudgha
Makhleb
Ru
Vehumet

Shops:
D:2 (   D:6 :


Innate Abilities, Weirdness & Mutations

((You are very nimble when in or above water. (Stealth+, EV+, Speed+++)))
Your lower body shifts to a powerful aquatic tail in water.


Message History

* * * LOW HITPOINT WARNING * * *
Casting: Sting (safe; 7% risk of failure)
Confirm with . or Enter, or press ? or * to list all spells.
Aiming: Sting (safe; 7% risk of failure)
Press: ? - help, Shift-Dir - straight line, f/p - ice beast
Aim: an ice beast (lightly wounded, very poisoned, 64% to hit)
The sting misses the ice beast.
The ice beast hits you but does no damage.
Casting: Sting (safe; 7% risk of failure)
Confirm with . or Enter, or press ? or * to list all spells.
Aiming: Sting (safe; 7% risk of failure)
Press: ? - help, Shift-Dir - straight line, f/p - ice beast
Aim: an ice beast (lightly wounded, very poisoned, 64% to hit)
The sting hits the ice beast but does no damage.
The ice beast looks even sicker.
The ice beast is lightly wounded.
The ice beast barely misses you.
Casting: Sting (safe; 7% risk of failure)
Confirm with . or Enter, or press ? or * to list all spells.
Aiming: Sting (safe; 7% risk of failure)
Press: ? - help, Shift-Dir - straight line, f/p - ice beast
Aim: an ice beast (lightly wounded, very poisoned, 64% to hit)
The sting misses the ice beast.
The ice beast barely misses you.
Casting: Sting (safe; 7% risk of failure)
Confirm with . or Enter, or press ? or * to list all spells.
Aiming: Sting (safe; 7% risk of failure)
Press: ? - help, Shift-Dir - straight line, f/p - ice beast
Aim: an ice beast (lightly wounded, very poisoned, 64% to hit)
The sting hits the ice beast but does no damage.
The ice beast looks as sick as possible!
The ice beast is lightly wounded.
The ice beast hits you.
* * * LOW HITPOINT WARNING * * *
The ice beast freezes you!
* * * LOW HITPOINT WARNING * * *
You are confused.
You feel invigorated. The ice beast hits you.
* * * LOW HITPOINT WARNING * * *
The ice beast freezes you!
You die...

########.##.# #..#.#.# #.#
.......#.##.# ##.#.#.# #.#
######.#.##.# #...#.# #.#
#.#.##.####.#...###.####
######.#.#.......#..........#
.......#.#########.#>..####.#
########.# #.....#†# #.#
).)......# #Y#...#.# #.#
########## #@#####.# #.#
.......# ####.#...(.# #.#
###....# #....#.########.#
###....# #....#.#........#
....#### #....#.#.#####.##
##### ####......# #.#
#......# #.# #......# #.##
#......# #..#


You could see an ice beast (extremely poisoned).

Vanquished Creatures
  Prince Ribbit (D:5)
  Pargi (Sewer)
  An ice beast (D:5)
  A scorpion (D:4)
  A hound (D:5)
  3 orc priests
  2 iguanas
  A sleepcap (D:5)
  3 orc wizards
  5 adders
  4 gnolls (D:5)
  An ufetubus (D:4)
  2 worms (D:4)
  2 dart slugs
  9 orcs
  7 bats
  A bat zombie (D:5)
  6 endoplasms
  4 giant cockroaches
  12 goblins
  3 hobgoblins
  3 quokkas
  8 ball pythons
  9 frilled lizards
  7 kobolds
  6 rats
103 creatures vanquished.

Notes
Turn   | Place    | Note
-------+----------+-------------------------------------------
     0 | D:1      | hashsling the Merfolk Ice Elementalist began the quest for
                  | the Orb.
     0 | D:1      | Reached XP level 1. HP: 13/13 MP: 3/3
     0 | D:1      | Found an opulent altar of Gozag.
   423 | D:1      | Reached XP level 2. HP: 20/20 MP: 5/5
   534 | D:1      | Found a faded altar of an unknown god.
   541 | D:1      | Prayed at the altar of an unknown god.
   541 | D:1      | Became a worshipper of Vehumet
   541 | D:1      | Reached * piety under Vehumet
   541 | D:1      | Offered knowledge of Sandblast by Vehumet.
   700 | D:1      | Reached skill level 1 in Fighting
   766 | D:1      | Reached XP level 3. HP: 26/26 MP: 6/6
   770 | D:1      | Learned a level 3 spell: Ozocubu's Armour
   946 | D:2      | Identified the ring of Accord {AC+4 Dex+6}
  1364 | D:2      | Found a burning altar of Makhleb.
  1537 | D:2      | Found Wawn's Weapon Shoppe.
  1775 | D:3      | Offered knowledge of Kiss of Death by Vehumet.
  1848 | D:3      | Reached ** piety under Vehumet
  1880 | D:3      | Reached XP level 4. HP: 29/32 MP: 7/7
  1884 | D:3      | Learned a level 3 spell: Frozen Ramparts
  1904 | D:3      | Found a hazy altar of Hepliaklqana.
  2159 | D:3      | Found a sacrificial altar of Ru.
  2345 | D:4      | Reached skill level 1 in Polearms
  2677 | D:4      | Reached XP level 5. HP: 38/38 MP: 9/9
  2680 | D:4      | Reached skill level 5 in Ice Magic
  3094 | D:4      | Offered knowledge of Stone Arrow by Vehumet.
  3095 | D:4      | Reached XP level 6. HP: 31/44 MP: 10/10
  3444 | D:5      | Entered Level 5 of the Dungeon
  4018 | D:5      | Found a staircase to the Ecumenical Temple.
  4088 | D:5      | Found a glowing drain.
  4096 | Sewer    | Entered a sewer
  4119 | Sewer    | Noticed Pargi
  4130 | Sewer    | Killed Pargi
  4131 | Sewer    | Reached XP level 7. HP: 44/52 MP: 9/11
  4243 | Sewer    | Reached *** piety under Vehumet
  4500 | D:5      | Reached skill level 5 in Polearms
  4834 | D:5      | Found an ancient bone altar of Kikubaaqudgha.
  4984 | D:6      | Reached skill level 5 in Dodging
  4988 | D:6      | Noticed Prince Ribbit
  5039 | D:6      | Found Ytiocape's Tiny Tomes.
  5081 | D:5      | Killed Prince Ribbit
  5103 | D:5      | Offered knowledge of Olgreb's Toxic Radiance by Vehumet.
  5104 | D:5      | Reached XP level 8. HP: 32/60 MP: 12/12
  5109 | D:5      | Learned a level 4 spell: Olgreb's Toxic Radiance
  5206 | D:6      | Bought the Codex of Impurities for 48 gold pieces
  5206 | D:6      | Bought the Volume of the Glacier for 144 gold pieces
  5208 | D:6      | Learned a level 1 spell: Sting
  5257 | D:5      | Slain by an ice beast

Illustrated notes

Levels and vault maps discovered:
D:1:      sevenhm_arrival_forest_fort_small_6, layout_basic,
          dilly_ecumenical_altar_fadedgnrine
D:2:      layout_basic, basic_altar, serial_shops, nicolae_shop_real_fake_doors
D:3:      layout_rooms, nicolae_overflow_hidden_temple,
          nicolae_hepliaklqana_hazy_memory, minmay_misc_feat_ornament
D:4:      layout_loops_corners
D:5:      layout_basic, lemuel_zombie_altar_kikubaaqudgha,
          minmay_temple_entry_drinking_statues, portal_sewer_entry_f,
          minmay_tree_intersection
D:6:      layout_basic, nicolae_shop_i_like_small_books_too, uniq_prince_ribbit1

Skill      XL: |  1  2  3  4  5  6  7 |
---------------+----------------------+-----
Dodging        | 3 4 5 |  5.6
Fighting       | 1 2 3 4 |  4.0
Polearms       | 2 3 4 6 |  6.4
Stealth        | 3 |  3.0
Ice Magic      | 5 6 |  6.0
Spellcasting   | 3 |  3.0

Action                     |  1- 3 |  4- 6 |  7- 9 || total
---------------------------+-------+-------+-------++-------
  Melee: Spear             |     4 |    48 |    93 ||   145
         Hand axe          |     1 |       |       ||     1
         Punch             |       |       |     1 ||     1
   Cast: Freeze            |    66 |    62 |    21 ||   149
         Frozen Ramparts   |       |     4 |     3 ||     7
         Ozocubu's Armour  |       |     3 |     6 ||     9
         Sting             |       |       |     7 ||     7
         Olgreb's Toxic Ra |       |       |     1 ||     1
    Use: Scroll            |       |     4 |     2 ||     6
         Potion            |       |       |     3 ||     3
   Stab: Distracted        |     1 |       |       ||     1
         Sleeping          |       |     8 |       ||     8
 Armour: Robe              |     4 |    12 |    29 ||    45
  Dodge: Dodged            |    25 |    43 |    86 ||   154

Table legend: (Time is in decaauts)
 A = Elapsed time spent in this place.
 B = Non-inter-level travel time spent in this place.
 C = Inter-level travel time spent in this place.
 D = Time resting spent in this place.
 E = Time spent auto-exploring this place.
 F = Levels seen in this place.
 G = Mean time per level.
                   A        B        C        D        E       F      G
               +--------+--------+--------+--------+--------+-----+--------+
         Total |   5166 |   4915 |    251 |     61 |   3661 |   7 |  738.0 |
       Dungeon |   4936 |   4685 |    251 |     61 |   3511 |   6 |  822.7 |
         Sewer |    230 |    230 |      0 |      0 |    150 |   1 |  230.0 |
               +--------+--------+--------+--------+--------+-----+--------+

Top non-repeatable levels by time:
     D:5: 1389 daAuts
     D:4: 1187 daAuts
     D:1: 931 daAuts
     D:2: 795 daAuts
     D:3: 527 daAuts
   Sewer: 230 daAuts
     D:6: 105 daAuts
